AoeStats
← 青山依旧在 几度夕阳红

Black Forest

508251010Analyzed
4v4 RM · 9d ago on Sep 21, 2026· 56m 14s· 8 players
Game mode
Random Map
Map size
Large (8 player)
Population
200
Speed
Normal
Resources
Standard
Victory
Conquest
Starting age
Dark Age
Ending age
Imperial Age
RankedLock teamsTeams togetherTeam positionsShared explorationLock speedFull tech treeHidden civsTurbo modeCheats
Victory
Defeat
🇬🇧 Lithuanians · United Kingdom
913
+12
🇺🇸 Saracens · United States
874
+14
🇺🇸 Britons · United States
787
+17
🇨🇦 Byzantines · Canada
763
+18
927
-19
🇩🇪 Celts · Germany
826
-16
🇩🇪 Burgundians · Germany
775
-14
🇮🇳 Ethiopians · India
747
-12
realpuledi
1:49 Loom
13:36 Feudal Age
17:13 Castle Age
16:16 Horse Collar
19:03 Heavy Plow
19:54 Double-Bit Axe
24:14 Wheelbarrow
23:33 Town Watch
26:11 Bow Saw
26:57 Hand Cart
28:11 Scale Barding Armor
28:49 Husbandry
30:16 Forging
31:09 Bloodlines
31:45 Gold Mining
31:45 Stone Mining
32:39 Caravan
35:30 Imperial Age
33:04 Town Patrol
33:10 Caravan
35:35 Iron Casting
35:21 Chain Barding Armor
37:15 Chemistry
35:39 Cavalier
37:23 Stone Shaft Mining
37:42 Conscription
38:36 Plate Barding Armor
im just gettin lucky
0:30 Loom
12:34 Feudal Age
18:28 Castle Age
18:18 Double-Bit Axe
26:47 Bow Saw
31:14 Horse Collar
35:17 Gold Mining
38:34 Imperial Age
36:41 Wheelbarrow
37:01 Gold Shaft Mining
37:53 Hand Cart
38:39 Yeomen
38:37 Fletching
38:48 Padded Archer Armor
39:38 Conscription
40:24 Ballistics
41:05 Chemistry
39:53 Elite Longbowman
40:35 Warwolf
48:45 Leather Archer Armor
48:25 Bodkin Arrow
dark fader
0:30 Loom
12:42 Feudal Age
13:24 Double-Bit Axe
15:17 Wheelbarrow
16:31 Horse Collar
23:45 Castle Age
23:44 Fletching
24:24 Stone Mining
28:14 Fervor
28:58 Sanctity
29:15 Arson
29:31 Squires
29:16 Gambesons
31:39 Bodkin Arrow
31:48 Padded Archer Armor
35:26 Stone Shaft Mining
36:05 Hand Cart
36:03 Gold Mining
37:30 Bow Saw
37:39 Heavy Plow
37:34 Pikeman
38:14 Squires
38:00 Gambesons
41:23 Imperial Age
39:59 Scale Mail Armor
40:54 Forging
40:51 Scale Barding Armor
43:25 Ballistics
42:46 Treadmill Crane
43:03 Man-at-Arms
44:31 Murder Holes
46:21 Conscription
46:50 Gold Shaft Mining
49:10 Caravan
50:37 Coinage
56:53 Chemistry
Booger Flicker X
2:21 Loom
11:57 Feudal Age
12:52 Horse Collar
12:58 Double-Bit Axe
18:54 Castle Age
20:08 Bow Saw
19:58 Heavy Plow
26:38 Gold Mining
26:41 Stone Mining
27:43 Wheelbarrow
33:13 Imperial Age
31:01 Hand Cart
30:32 Town Watch
30:55 Scale Barding Armor
32:01 Gold Shaft Mining
31:39 Forging
32:29 Chain Barding Armor
33:39 Iron Casting
33:18 Elite Mameluke
34:20 Conscription
34:36 Plate Barding Armor
33:29 Onager
35:51 Blast Furnace
35:53 Chemistry
34:35 Treadmill Crane
35:20 Ballistics
36:47 Fletching
38:18 Bodkin Arrow
38:20 Murder Holes
38:36 Masonry
46:17 Bracer
55:27 Padded Archer Armor
55:28 Scale Mail Armor
Stoner
12:22 Feudal Age
16:59 Castle Age
15:24 Double-Bit Axe
20:00 Bow Saw
22:48 Horse Collar
24:35 Heavy Plow
26:54 Wheelbarrow
31:59 Imperial Age
30:55 Gold Mining
30:55 Stone Mining
31:01 Stone Mining
31:16 Scale Mail Armor
31:27 Forging
32:21 Hand Cart
31:51 Loom
31:52 Town Watch
32:16 Stronghold
33:11 Chain Mail Armor
33:31 Iron Casting
33:57 Gold Shaft Mining
34:01 Stone Shaft Mining
33:38 Pikeman
34:03 Arson
34:52 Plate Mail Armor
34:44 Town Patrol
35:13 Conscription
35:06 Furor Celtica
35:37 Halberdier
40:20 Elite Woad Raider
42:10 Blast Furnace
青山依旧在 几度夕阳红
11:38 Feudal Age
15:36 Castle Age
14:08 Double-Bit Axe
14:09 Horse Collar
24:31 Gold Mining
24:43 Heavy Plow
25:27 Wheelbarrow
29:28 Imperial Age
27:41 Forging
27:37 Scale Barding Armor
27:23 Fletching
27:33 Padded Archer Armor
29:01 Iron Casting
28:39 Bow Saw
29:00 Szlachta Privileges
30:19 Chain Barding Armor
30:41 Conscription
30:39 Bloodlines
30:30 Husbandry
29:51 Cavalier
29:52 Light Cavalry
32:44 Winged Hussar
35:00 Pikeman
35:40 Squires
35:26 Arson
37:56 Loom
44:33 Lechitic Legacy
45:20 Hand Cart
GandalfEzy
0:28 Loom
10:23 Feudal Age
13:43 Double-Bit Axe
15:36 Gold Mining
20:33 Castle Age
18:39 Man-at-Arms
20:51 Fletching
21:01 Padded Archer Armor
21:45 Wheelbarrow
21:37 Bow Saw
21:10 Horse Collar
21:10 Crossbowman
22:29 Long Swordsman
23:32 Scale Mail Armor
24:21 Squires
26:00 Arson
28:09 Gold Shaft Mining
27:41 Town Watch
30:00 Forging
32:55 Stone Mining
36:32 Imperial Age
34:26 Hand Cart
34:30 Bodkin Arrow
34:50 Leather Archer Armor
35:05 Heavy Plow
35:43 Iron Casting
37:04 Stone Shaft Mining
38:10 Fortified Wall
37:55 Murder Holes
37:59 Capped Ram
39:43 Siege Engineers
39:59 Ballistics
40:39 Chemistry
39:44 Bracer
40:29 Ring Archer Armor
41:52 Chain Mail Armor
42:37 Blast Furnace
43:10 Plate Mail Armor
Rafflon
18:04 Feudal Age
27:54 Castle Age
25:48 Double-Bit Axe
25:47 Horse Collar
27:26 Stone Mining
27:34 Gold Mining
27:56 Heavy Plow
28:23 Bow Saw
29:20 Stone Shaft Mining
32:48 Wheelbarrow
33:37 Scale Barding Armor
35:08 Forging
35:19 Chain Barding Armor
Connection lost

Rejoining the realm…

Still unreachable

The connection could not be restored.

Session expired

The server has moved on; the page needs a fresh start.